 Dungeon Crawl Stone Soup version 0.15-a0-94-g674142f (webtiles) character file.

193 Kae the Firebug (level 4, -1/24 HPs)
             Began as a Tengu Fire Elementalist on Apr 9, 2014.
             Slain by a hobgoblin
             ... wielding a +0,+0 club
              (5 damage)
             ... on Level 2 of the Dungeon.
             The game lasted 00:02:49 (2189 turns).

Kae the Firebug (Tengu Fire Elementalist)           Turns: 2189, Time: 00:02:49

HP  -1/24        AC  3     Str  8      XL: 4   Next: 75%
MP   7/9         EV 12     Int 16      God:
Gold 92          SH  0     Dex 15      Spells:  3 memorised,  1 level left

rFire  . . .     SeeInvis .     d - +0 dagger
rCold  . . .     Clarity  .     a - +0 robe
rNeg   . . .     Conserve .     (no shield)
rPois  .         rCorr    .     (helmet restricted)
rElec  .         rRot     .     i - +0 cloak
SustAb . .       Spirit   .     (no gloves)
rMut   .         Warding  .     (boots unavailable)
Saprov . . .     Stasis   .     (no amulet)
MR     .....                    (no ring)
                                (no ring)

@: not resistant to hostile enchantments, fairly stealthy
A: beak, talons 3
a: no special abilities


You were on level 2 of the Dungeon.
You were very hungry.

You visited 1 branch of the dungeon, and saw 2 of its levels.

You collected 92 gold pieces.

Inventory:

Hand weapons
 d - a +0,+0 dagger (weapon)
Missiles
 q - 2 darts (quivered)
Armour
 a - a +0 robe (worn)
 i - a +0 cloak (worn)
Comestibles
 c - 2 bread rations
 p - a meat ration
 t - an apple
Scrolls
 e - a scroll of fog {unknown}
 h - a scroll of enchant weapon II {unknown}
 j - a scroll of fear {unknown}
 k - 2 scrolls of identify {unknown}
 l - a scroll of magic mapping {unknown}
 n - a scroll of immolation {unknown}
 r - a scroll of enchant weapon I {unknown}
 s - a scroll of teleportation {unknown}
Potions
 f - 2 potions of agility {unknown}
 g - a potion of mutation {unknown}
 m - a potion of haste {unknown}
 o - 3 potions of curing {unknown}
Books
 b - a book of Flames

   Spells                             Type                      Level
   *Flame Tongue                      Conjuration/Fire             1
   *Throw Flame                       Conjuration/Fire             2
   *Conjure Flame                     Conjuration/Fire             3
   Inner Flame                        Hexes/Fire                   3
   Sticky Flame                       Conjuration/Fire             4
   Fireball                           Conjuration/Fire             5


   Skills:
 - Level 2.1 Dodging
 - Level 2.0 Stealth
 + Level 2.3 Spellcasting
 * Level 4.1 Conjurations
 * Level 4.4 Fire Magic


You had one spell level left.
You knew the following spells:

 Your Spells              Type           Power        Failure   Level  Hunger
a - Flame Tongue          Conj/Fire      ###..        4%          1    #......
b - Throw Flame           Conj/Fire      ###...       8%          2    ##.....
c - Conjure Flame         Conj/Fire      ###.....     12%         3    ####...


Dungeon Overview and Level Annotations

Branches:
Dungeon (2/15)

Altars:

Annotations:
D:2 Sigmund


Innate Abilities, Weirdness & Mutations

You have a beak for a mouth.
You have claws for feet.


Message History

The flame tongue hits the adder.
The adder is severely wounded.
The adder completely misses you. The hobgoblin hits you with a club.
Casting: Flame Tongue
Confirm with . or Enter, or press ? or * to list all spells.
Aiming: Flame Tongue
Press: ? - help, Shift-Dir - straight line, f/p - adder
Aim: an adder (severely wounded)
The flame tongue hits the adder.
You kill the adder!
Something hits you but does no damage.
You see here an adder corpse.
The hobgoblin hits you but does no damage.
Something hits you!
You stop butchering the corpse.
Sigmund appears from thin air!
Reactivating autopickup.
The hobgoblin hits you with a club.
You stop butchering the corpse.
* * * LOW HITPOINT WARNING * * *
The hobgoblin hits you with a club.
You stop butchering the corpse.
You die...

#.# #%#<#.# ....
#.# #.#.#.#
.........#.#
#.#.#.#
..........#.#
#.#.#.#
...........#.#
#.#.#)#
............#.#
#.#.#.#
............#.#
#.#<#.#
............#.#
#.#.#.#
#............#@#
#.#.#.##
#............#g#
#.#....#
#........%...#@#
#.######
###########.#.####
#.# # #...)..# #.#
. #.#.##.# #(# ..
### #.#.##.# #>#
.. ..# #.#.##.#
#.# .. #.#
#####+#'##.# #.#


You could see Sigmund and a hobgoblin.

Vanquished Creatures
  6 adders (D:2)
  2 giant geckos (D:2)
  6 bats
  5 giant cockroaches
  7 goblins
  5 hobgoblins
  A giant newt (D:1)
  10 kobolds
  3 rats (D:1)
45 creatures vanquished.

Notes
Turn   | Place    | Note
--------------------------------------------------------------
     0 | D:1      | Kae, the Tengu Fire Elementalist, began the quest for the Orb.
     0 | D:1      | Reached XP level 1. HP: 10/10 MP: 3/3
   251 | D:1      | Reached XP level 2. HP: 7/15 MP: 5/5
  1033 | D:1      | Reached XP level 3. HP: 19/19 MP: 7/7
  1143 | D:2      | Noticed Sigmund
  1459 | D:2      | Learned a level 2 spell: Throw Flame
  1463 | D:2      | Learned a level 3 spell: Conjure Flame
  1651 | D:2      | Reached skill level 4 in Fire Magic
  1739 | D:2      | Reached XP level 4. HP: 22/24 MP: 3/9
  2189 | D:2      | Slain by a hobgoblin

Action                   |  1- 3 |  4- 6 || total
-------------------------+-------+-------++-------
Melee: Unarmed           |    13 |       ||    13
       Dagger            |    69 |    13 ||    82
 Cast: Flame Tongue      |    18 |    20 ||    38
 Stab: Sleeping          |     2 |       ||     2
       Distracted        |     1 |       ||     1
